 Dungeon Crawl Stone Soup version 0.30-a0-840-ga523dec638 (webtiles) character file.

Game seed: 17753502238416072361

388 Pimp the Covered (level 6, -3/55 HPs)
             Began as an Armataur Fighter on Mar 1, 2023.
             Slain by a gnoll
             ... wielding a +0 halberd
              (7 damage)
             ... on level 5 of the Dungeon.
             The game lasted 00:04:11 (3796 turns).

Pimp the Covered (Armataur Fighter)                 Turns: 3796, Time: 00:04:12

Health: -3/55      AC:  8    Str: 23    XL:     6   Next: 49%
Magic:  6/6        EV:  5    Int:  8    God:
Gold:   177        SH:  4    Dex: 10    Spells: 5/5 levels left

rFire   . . .      SeeInvis .    a - +0 war axe
rCold   . . .      Faith    .    c - +0 buckler
rNeg    . . .      Spirit   .    s - +0 chain mail
rPois   .          Reflect  .    (no helmet)
rElec   .          Harm     .    (no cloak)
rCorr   .          Roll     +    (no gloves)
Will    .....                    (no barding) Stlth
                                 (no amulet)
HPRegen 0.29/turn                (no ring)
MPRegen 0.10/turn                (no ring)

@: hasted, very quick
A: large, rugged brown scales 3, deformed body, armoured tail, roll, long
tongue, awkward tongue
a: no special abilities


You were on level 5 of the Dungeon.
You visited 1 branch of the dungeon, and saw 5 of its levels.

You collected 177 gold pieces.

Inventory:

Hand Weapons
 a - a +0 war axe (weapon)
Armour
 b - a +0 scale mail
 c - a +0 buckler (worn)
 s - a +0 chain mail (worn)
Jewellery
 g - a ring of ice
 r - a ring of willpower
Scrolls
 e - 2 scrolls of amnesia
 h - 4 scrolls of identify {unknown}
 j - 2 scrolls of blinking {unknown}
 k - 3 scrolls of immolation
 l - 2 scrolls of teleportation {unknown}
 m - a scroll of noise {unknown}
 o - a scroll of magic mapping {unknown}
 q - 2 scrolls of silence {unknown}
 w - a scroll of vulnerability {unknown}
 x - a scroll of enchant weapon {unknown}
Potions
 d - 2 potions of might
 f - a potion of curing
 i - a potion of brilliance {unknown}
 p - a potion of heal wounds {unknown}
 t - a potion of degeneration {unknown}
 u - a potion of attraction {unknown}
 v - a potion of invisibility {unknown}


   Skills:
 + Level 4.1 Fighting
 + Level 3.1 Axes
 + Level 5.4 Armour
 + Level 0.1 Dodging
 + Level 4.8 Shields


You had 5 spell levels left.
You didn't know any spells.
Your spell library contained the following spells:

 Spells                   Type           Power      Damage    Failure   Level
 Ozocubu's Armour         Ice            0%         N/A       100%        3
 Conjure Ball Lightning   Conj/Air       0%         3x3d6     100%        6
 Ozocubu's Refrigeration  Ice            0%         4d7       100%        7
 Discord                  Hex            0%         N/A       100%        8
 Disjunction              Tloc           0%         N/A       100%        8


Dungeon Overview and Level Annotations

Branches:
Dungeon (5/15)
 Temple: D:4-7

Altars:
Dithmenos
Fedhas
The Shining One


Innate Abilities, Weirdness & Mutations

You are completely covered in rugged brown scales. (AC +3, +7% HP)
Armour fits poorly on your strangely shaped body.
You have a long armoured tail.
You roll when moving toward enemies. (Rampage)
Your long tongue fully drains potion bottles. (2x potion effects)
Your tongue gives you trouble enunciating. (1.5x scroll delay)


Message History

The gnoll hits you with a +0 club. The gnoll hits you but does no damage.
You block the orc's attack. The gnoll barely misses you.
You block the gnoll's attack. The gnoll hits you with a +0 club.
You hit the orc.
You kill the orc!
You barely miss the gnoll.
The gnoll hits you from afar with a +0 halberd.
The gnoll hits you but does no damage. x2
You roll towards the gnoll!
You closely miss the gnoll.
You completely miss the gnoll. x2; You closely miss the gnoll.
The gnoll hits you with a +0 whip. The gnoll barely misses you.
The gnoll hits you but does no damage. The gnoll barely misses you.
You closely miss the gnoll. You tail-slap the gnoll!
You kill the gnoll!
You slash the gnoll! You hit the gnoll but do no damage. You hit the gnoll.
The gnoll barely misses you. The gnoll hits you with a +0 spear.
The gnoll hits you but does no damage. The gnoll hits you with a +0 halberd!
You block the gnoll's attack. The gnoll hits you with a +0 spear.
You barely miss the gnoll.
The gnoll is severely wounded.
You hit the gnoll. x2; The gnoll hits you but does no damage.
The gnoll hits you with a +0 whip!
* * * LOW HITPOINT WARNING * * *
The gnoll hits you with a +0 halberd.
* * * LOW HITPOINT WARNING * * *
You slurp down every last drop of the potion of curing!
You feel better. The gnoll hits you with a +0 spear.
The gnoll hits you with a +0 whip.
* * * LOW HITPOINT WARNING * * *
The gnoll hits you with a +0 halberd!
* * * LOW HITPOINT WARNING * * *
You slurp down every last drop of the potion of haste!
You feel yourself speed up.
The gnoll hits you but does no damage. x2
The gnoll hits you with a +0 whip.
* * * LOW HITPOINT WARNING * * *
You slash the gnoll!
You kill the gnoll!
You closely miss the gnoll. You hit the gnoll but do no damage.
The gnoll hits you but does no damage. The gnoll hits you with a +0 halberd!
You die...

.........#
........##
.[......
......###
....... ..
##....##.#.
#.g)g......
#@)......
#.#####..
#.<# #..#
.....
#######


You could see 2 gnolls.

Vanquished Creatures
  2 ogres (D:4)
  A scorpion (D:4)
  A hound (D:4)
  2 gnolls (D:5)
  4 adders
  2 worms
  13 orcs
  2 endoplasms
  11 giant cockroaches
  3 hobgoblins
  3 jackals (D:1)
  6 quokkas
  4 ball pythons
  4 bats
  3 frilled lizards
  6 goblins
  6 kobolds
  2 rats (D:3)
75 creatures vanquished.

Notes
Turn   | Place    | Note
-------+----------+-------------------------------------------
     0 | D:1      | Pimp the Armataur Fighter began the quest for the Orb.
     0 | D:1      | Reached XP level 1. HP: 19/19 MP: 1/1
   198 | D:1      | Found a faded altar of an unknown god.
   419 | D:1      | Reached XP level 2. HP: 14/26 MP: 2/2
   855 | D:2      | Reached skill level 4 in Armour
   868 | D:2      | Reached XP level 3. HP: 24/33 MP: 3/3
  1480 | D:3      | Found a glowing golden altar of the Shining One.
  1989 | D:3      | Found a blossoming altar of Fedhas.
  2014 | D:3      | Reached XP level 4. HP: 38/40 MP: 4/4
  2523 | D:4      | Noticed an ogre
  2531 | D:4      | Killed an ogre
  2532 | D:4      | Reached XP level 5. HP: 15/48 MP: 5/5
  2711 | D:4      | Noticed an ogre
  2719 | D:4      | Killed an ogre
  2720 | D:4      | Reached skill level 5 in Armour
  2720 | D:4      | Reached XP level 6. HP: 5/55 MP: 6/6
  3629 | D:4      | Found a shadowy altar of Dithmenos.
  3782 | D:5      | Entered Level 5 of the Dungeon
  3796 | D:5      | Slain by a gnoll

Illustrated notes

Levels and vault maps discovered:
D:1:      giann_forest_graveyard, layout_loops_ring,
          hellmonk_ecumenical_altar_blasted, minmay_misc_feat_ornament
D:2:      layout_rooms
D:3:      layout_basic, mainiacjoe_overflow_cross_hatched, lemuel_tele_altar,
          corexii_corridor_pit
D:4:      layout_basic, mainiacjoe_overflow_alcove_1, gup_sewer_entry_pipe
D:5:      layout_basic, enter_ossuary_5, serial_shops, shop

Skill      XL: |  1  2  3  4  5  6 |
---------------+-------------------+-----
Fighting       | 3 4 |  4.1
Armour         | 4 5 |  5.4
Axes           | 2 3 |  3.1
Shields        | 4 |  4.8
Dodging        | |  0.1

Action                     |  1- 3 |  4- 6 || total
---------------------------+-------+-------++-------
  Melee: War axe           |    89 |   121 ||   210
         Tailslap          |     7 |    13 ||    20
    Use: Scroll            |     1 |       ||     1
         Potion            |       |     6 ||     6
 Armour: Scale mail        |    32 |       ||    32
         Chain mail        |    27 |    62 ||    89
  Dodge: Dodged            |    28 |    28 ||    56
  Block: Buckler           |    18 |    24 ||    42

Table legend: (Time is in decaauts)
 A = Elapsed time spent in this place.
 B = Non-inter-level travel time spent in this place.
 C = Inter-level travel time spent in this place.
 D = Time resting spent in this place.
 E = Time spent auto-exploring this place.
 F = Levels seen in this place.
 G = Mean time per level.
                   A        B        C        D        E       F      G
               +--------+--------+--------+--------+--------+-----+--------+
         Total |   3844 |   3532 |    312 |    375 |   2527 |   5 |  768.8 |
       Dungeon |   3844 |   3532 |    312 |    375 |   2527 |   5 |  768.8 |
               +--------+--------+--------+--------+--------+-----+--------+

Top non-repeatable levels by time:
     D:4: 1303 daAuts
     D:3: 1109 daAuts
     D:1: 822 daAuts
     D:2: 590 daAuts
     D:5: 17 daAuts
